 Dungeon Crawl Stone Soup version 0.31-a0-237-g2d982f9f85 (webtiles) character file.

Game seed: 852503018934585250

216495 qw the Marksgargoyle (level 19, -4/135 HPs)
             Began as a Gargoyle Hexslinger on July 11, 2023.
             Was a High Priest of Okawaru.
             Slain by a large abomination (14 damage)
             ... while paralysed by accursed screaming
             ... on level 2 of the Abyss.
             The game lasted 00:16:13 (26659 turns).

qw the Marksgargoyle (Gargoyle Hexslinger)         Turns: 26659, Time: 00:16:13

Health: -4/135     AC: 30    Str: 15    XL:     19   Next: 5%
Magic:  25/26      EV:  2    Int: 16    God:    Okawaru [*****.]
Gold:   401        SH:  0    Dex: 24    Spells: 19/20 levels left

rFire   + + .        Y - +6 longbow (freeze)
rCold   + . .        (shield currently unavailable)
rNeg    + . .        s - +0 troll leather armour
rPois   inf          m - +2 helmet
rElec   +            y - scarf {rC+ rF+}
rCorr   .            c - +2 pair of gloves
SInv    .            o - +2 pair of boots
Will    +....        u - amulet of Xom's Best Wishes {Acrobat Slay+3}
Stlth   +++          d - +6 ring of dexterity
HPRegen 1.22/turn    g - ring of Ewuth {rElec rF+ EV+5 Int+3 Slay+3}
MPRegen 0.20/turn

%: acrobat
@: paralysed, about to teleport, heroic, flying
A: sickness immunity, AC +14, big wings, negative energy resistance 1,
electricity resistance, torment resistance 1, petrification resistance, deformed
body, inability to read after injury 1, MP-powered wands
}: 1/15 runes: serpentine
a: Renounce Religion, Heroism, Finesse, Duel


You were on level 2 of the Abyss.
You worshipped Okawaru.
Okawaru was extremely pleased with you.
You visited 7 branches of the dungeon, and saw 31 of its levels.
You visited the Abyss 3 times.
You visited 1 bazaar.

You collected 4010 gold pieces.
You spent 3609 gold pieces at shops.


Innate Abilities, Weirdness & Mutations

You are immune to sickness and miasma.
Your stone body is resilient. (AC +14)
You are immune to poison.
Your large and strong wings let you fly.
You resist negative energy. (rN+)
You are resistant to electric shocks. (rElec)
You are resistant to unholy torment.
You are immune to petrification.
Armour fits poorly on your strangely shaped body.
You occasionally lose the ability to read scrolls when taking damage.
You expend magic power (3 MP) to strengthen your wands.


   Skills:
 - Level 20.0(25.0) Fighting
 - Level 20.0(25.0) Ranged Weapons
 - Level 11.0(16.0) Armour
 + Level 13.7(18.7) Dodging
 - Level 1.0 Spellcasting
 - Level 2.6 Hexes
 - Level 10.1 Invocations


You had 19 spell levels left.
You knew the following spells:

 Your Spells              Type           Power      Damage    Failure   Level
a - Slow                  Hex            36%        N/A       9%          1

Your spell library contained the following spells:

 Spells                   Type           Power      Damage    Failure   Level
 Inner Flame              Hex/Fire       5%         N/A       41%         3
 Portal Projectile        Hex/Tloc       10%        N/A       41%         3
 Cause Fear               Hex            4%         N/A       65%         4

Inventory:

Hand Weapons
 Y - a +6 longbow of freezing (weapon)
Armour
 c - a +2 pair of gloves (worn)
 l - a +2 cloak
 m - a +2 helmet (worn)
 o - a +2 pair of boots (worn)
 r - a +2 ring mail of fire resistance
 s - a +0 troll leather armour (worn)
 y - a scarf of resistance (worn)
Jewellery
 d - a +6 ring of dexterity (left hand)
 g - the ring of Ewuth (right hand) {rElec rF+ EV+5 Int+3 Slay+3}
   (You found it on level 2 of the Dungeon)

   [ring of evasion]

   EV:        It affects your evasion (+5).
   Int:       It affects your intelligence (+3).
   Slay:      It affects your accuracy & damage with ranged weapons and melee
   (+3).
   rF:        It protects you from fire.
   rElec:     It insulates you from electricity.
 p - an amulet of regeneration
 u - the amulet of Xom's Best Wishes (around neck) {Acrobat Slay+3}
   (You found it on level 15 of the Dungeon)

   [amulet of the acrobat]

   It increases your evasion while moving and waiting.
   Slay:      It affects your accuracy & damage with ranged weapons and melee
   (+3).
Wands
 n - a wand of digging (4)
Scrolls
 b - 13 scrolls of identify
 k - 8 scrolls of teleportation
Potions
 a - 8 potions of curing
 e - 6 potions of enlightenment
 f - 6 potions of might
 h - a potion of resistance
 i - 3 potions of heal wounds
 j - 3 potions of haste
 q - 3 potions of cancellation
 t - a potion of mutation

Dungeon Overview and Level Annotations

Branches:
Dungeon (15/15)            Temple (1/1) D:5            Lair (5/5) D:9
 Shoals (3/4) Lair:3        Snake (4/4) Lair:3        Slime (0/5) Lair:4
    Orc (2/2) D:9             Elf (0/3) Orc:2        Vaults (1/5) D:14
 Depths (0/4) D:15

Altars:
Ashenzari
Cheibriados
Dithmenos
Elyvilon
Fedhas
Gozag
Hepliaklqana
Kikubaaqudgha
Makhleb
Nemelex Xobeh
Okawaru
Qazlal
Ru
Sif Muna
Trog
Uskayaw
Vehumet
Wu Jian
Xom
Yredelemnul
Zin
The Shining One
Jiyva

Shops:
D:1 (   D:6 !?*   D:13 ?   Orc:2 [!([(   Snake:3 [

Annotations:
D:7 1 runed translucent door
D:15 3 runed translucent doors, brae's ghost, adept HuBe
Snake:3 2 transporters, qw's ghost, adept GrFi


Message History

The large abomination completely misses you.
The starcursed mass completely misses you.
The starcursed mass misses you. The smoke demon gestures at you.
The sticky flame misses you.
The sticky flame hits the starcursed mass but does no damage.
The starcursed mass is covered in liquid flames!
You shoot an arrow. The arrow hits the large abomination!
The arrow freezes the large abomination.
You destroy the large abomination!
Okawaru accepts your kill. The starcursed mass closely misses you.
The starcursed mass misses you.
You shoot an arrow. The arrow hits the ancient zyme!!
The arrow freezes the ancient zyme.
The ancient zyme is heavily damaged.
The starcursed mass burns!
The starcursed mass shudders and is absorbed by its neighbour.
The smoke demon barely misses you. The smoke demon misses you.
The smoke demon completely misses you.
The ancient zyme completely misses you. x2
The starcursed mass closely misses you.
The starcursed mass touches you but does no damage.
You shoot an arrow. The arrow hits the ancient zyme!!!
The arrow freezes the ancient zyme.
You destroy the ancient zyme!
Okawaru accepts your kill.
A deafening chorus of shrieks assaults your mind!
You suddenly lose the ability to move!
The smoke demon hits you but does no damage. x3
The starcursed mass touches you!
The blizzard demon waves its arms in wide circles.
The air twists around and strikes you.
The sentinel's mark upon you fades away.
The starcursed mass burns!
The starcursed mass shudders and is absorbed by its neighbour.
The starcursed mass touches you! The starcursed mass touches you.
The smoke demon hits you but does no damage. x3
The starcursed mass touches you but does no damage.
The blizzard demon waves its arms in wide circles.
The air twists around and strikes you. The large abomination hits you!
You die...

.....#...
....#....
#...#..#.
#....##..
#....#.#.
#X....#..
#3X..###.
#@XX..###
#XX....#.
#........
#2.......
#.#...#..
........#
....#...#
##..##...


You could see 5 starcursed masses, a blizzard demon, a large abomination and a
smoke demon.

Vanquished Creatures
  An ancient lich (Abyss:2)
  Mlioglotl (Shoals:1)
  A lich (Abyss:2)
  5 tentacled starspawn (Abyss:2)
  Frances (D:14)
  An azure jelly (Lair:4)
  6 nagarajas
  A cacodemon (Abyss:2)
  2 very ugly things
  An ironbound preserver (Vaults:1)
  A formless jellyfish (Vaults:1)
  Nessos (Lair:5)
  An ironbound thunderhulk (Vaults:1)
  A red draconian (Abyss:2)
  7 dire elephants (Vaults:1)
  Josephine (D:15)
  9 merfolk impalers
  A fire dragon (shapeshifter) (D:15)
  A yaktaur captain (Vaults:1)
  2 salamander tyrants
  2 merfolk javelineers (Shoals:3)
  6 ogre magi
  A rakshasa (D:15)
  6 hydras
  2 vault guards (D:14)
  2 merfolk aquamancers (Shoals:3)
  An alligator snapping turtle (Shoals:2)
  2 merfolk avatars (Shoals:3)
  2 satyrs (Shoals:3)
  6 boulder beetles
  6 centaur warriors
  15 naga warriors
  A catoblepas (Lair:4)
  7 anacondas
  3 death yaks (Lair:2)
  A thrashing horror (Abyss:2)
  24 two-headed ogres
  2 tengu warriors (D:14)
  17 naga sharpshooters
  3 shock serpents
  6 salamander mystics
  2 wretched stars (Abyss:2)
  2 skysharks
  7 skeletal warriors (D:12)
  5 deep trolls (Vaults:1)
  5 sea snakes
  A glowing orange brain (D:15)
  3 naga ritualists (Snake:4)
  A bunyip skeleton (Abyss:2)
  9 mana vipers
  3 wizards
  2 deep elf pyromancers
  2 orc knights
  2 orc sorcerers (Orc:2)
  8 fauns
  13 ugly things
  9 manticores
  6 cyclopes
  21 salamanders
  18 naga magi
  5 merfolk sirens
  2 guardian serpents
  31 black mambas
  A smoke demon (Abyss:2)
  3 vault sentinels (Vaults:1)
  4 water nymphs
  8 starcursed masses (Abyss:2)
  A torpor snail (Lair:4)
  11 cane toads
  2 yaktaurs (Vaults:1)
  2 gargoyles (D:12)
  11 komodo dragons
  An unseen horror (D:10)
  8 kobold demonologists
  2 rime drakes
  2 wind drakes (Shoals:2)
  A silent spectre (Abyss:2)
  A queen bee (D:9)
  5 polar bears (Lair:5)
  6 trolls
  10 hornets
  10 merfolk
  2 ancient zymes (Abyss:2)
  5 raiju (Abyss:2)
  A tarantella (shapeshifter) (Abyss:2)
  2 blink frogs
  7 snapping turtles
  A dream sheep (Lair:5)
  12 slime creatures
  22 yaks
  2 ynoxinuls (Abyss:2)
  11 water elementals
  Sigmund (D:4)
  9 wyverns
  2 shadows
  12 spriggans (Lair:5)
  7 wraiths
  Eustachio (D:4)
  19 humans (D:14)
  A vampire (D:9)
  5 basilisks
  2 neqoxecs (Abyss:2)
  8 small abominations (Abyss:2)
  2 steam dragons
  10 vampire mosquitoes
  Menkaure (D:4)
  33 nagas
  3 large abominations (Abyss:2)
  3 wargs (Orc:2)
  An acid dragon (D:11)
  10 water moccasins
  18 orc warriors
  6 black bears
  2 sky beasts (D:8)
  18 wolves
  7 boggarts
  30 ogres
  5 centaurs
  4 phantoms
  2 gnoll sergeants
  9 bullfrogs
  2 scorpions
  8 kobold brigands
  4 wights (D:6)
  21 killer bees
  11 electric eels
  7 howler monkeys
  6 jellies
  5 hounds
  7 orc priests
  3 gnoll boudas
  4 iguanas
  16 orc wizards
  25 gnolls
  3 adders (D:3)
  A shadow imp (D:6)
  A worm (D:4)
  2 dart slugs (D:2)
  58 orcs
  2 ball pythons
  11 endoplasms
  A giant cockroach (D:1)
  13 goblins
  7 hobgoblins
  3 quokkas
  4 bats
  2 frilled lizards
  26 kobolds
  9 rats
  4 starspawn tentacles (Abyss:2)
968 creatures vanquished.

Vanquished Creatures (others)
  A wizard (Vaults:1)
  11 starspawn tentacles (Abyss:2)
12 creatures vanquished.

Grand Total: 980 creatures vanquished

Notes
Turn   | Place    | Note
-------+----------+-------------------------------------------
     0 | D:1      | qw the Gargoyle Hexslinger began the quest for the Orb.
     0 | D:1      | Reached XP level 1. HP: 12/12 MP: 2/2
     0 | D:1      | 0 ||| qw: Version: 0.3-a-52-g30416fa
     0 | D:1      | 0 ||| qw: Game counter: 5572
     0 | D:1      | 0 ||| qw: Melee chars always use a shield: true
     0 | D:1      | 0 ||| qw: God list: Okawaru
     0 | D:1      | 0 ||| qw: Allow faded altars: false
     0 | D:1      | 0 ||| qw: Do Orc after clearing Dungeon:15 true
     0 | D:1      | 0 ||| qw: Do second Lair branch before Depths: true
     0 | D:1      | 0 ||| qw: Lair rune preference: random
     0 | D:1      | 0 ||| qw: Goals: Normal
     0 | D:1      | 0 ||| PLANNING D:1-11
   154 | D:1      | Reached XP level 2. HP: 16/16 MP: 3/3
   183 | D:1      | Found Fearchykh's Antique Weapon Shoppe.
   231 | D:1      | Reached skill level 3 in Ranged Weapons
   604 | D:1      | 604 ||| UPGRADING to ring of positive energy.
   605 | D:1      | 605 ||| READING scroll labelled TEBRYL JESIBO.
   606 | D:1      | 606 ||| READING scroll labelled RECSOL XIWN.
   607 | D:1      | 607 ||| READING scroll labelled DIDIFR SUCYDA.
   608 | D:1      | 608 ||| DRINKING 2 sedimented yellow potions.
   609 | D:1      | 609 ||| DROPPING scroll of poison.
   610 | D:1      | 610 ||| DROPPING potion of attraction.
   740 | D:2      | Reached XP level 3. HP: 21/21 MP: 4/4
   786 | D:2      | Identified the ring of Ewuth {rElec rF+ EV+5 Int+3 Slay+3}
  1351 | D:2      | 1351 ||| UPGRADING to +2 helmet.
  1356 | D:2      | 1356 ||| UPGRADING to ring of Ewuth {rElec rF+ EV+5 Int+3
                  | Slay+3}.
  1357 | D:2      | 1357 ||| READING scroll labelled OBBU MOAMMY.
  1358 | D:2      | 1358 ||| READING scroll labelled DUOTWA NOHOTEIT.
  1362 | D:2      | 1362 ||| READING 2 scrolls of identify.
  1362 | D:2      | 1362 ||| IDENTIFYING bubbling sapphire potion
  1372 | D:3      | 1372 ||| STAIRDANCE
  1391 | D:3      | Reached XP level 4. HP: 26/26 MP: 5/5
  1618 | D:3      | Reached XP level 5. HP: 30/30 MP: 6/6
  1719 | D:3      | Found a broken altar of Ashenzari.
  2001 | D:3      | Found a faded altar of an unknown god.
  2179 | D:3      | 2179 ||| UPGRADING to +0 cloak.
  2184 | D:3      | 2184 ||| UPGRADING to +0 ring mail.
  2194 | D:3      | 2194 ||| DROPPING +0 robe.
  2195 | D:3      | 2195 ||| UPGRADING to +2 ring mail of fire resistance.
  2205 | D:3      | 2205 ||| DROPPING +0 ring mail.
  2206 | D:3      | 2206 ||| UPGRADING to amulet of guardian spirit.
  2211 | D:3      | 2211 ||| UPGRADING to ring of ice.
  2213 | D:3      | 2213 ||| UPGRADING to ring of willpower.
  2215 | D:3      | 2215 ||| READING scroll labelled MOIPHE JUEWK.
  2216 | D:3      | 2216 ||| READING scroll labelled EPISHATEOT.
  2236 | D:3      | 2236 ||| DRINKING 2 brown potions.
  2237 | D:3      | 2237 ||| READING 3 scrolls of identify.
  2237 | D:3      | 2237 ||| IDENTIFYING emerald potion
  2238 | D:3      | 2238 ||| READING 2 scrolls of identify.
  2238 | D:3      | 2238 ||| IDENTIFYING golden potion
  2373 | D:4      | Reached skill level 1 in Armour
  2402 | D:4      | Noticed Menkaure
  2408 | D:4      | Killed Menkaure
  2409 | D:4      | Reached XP level 6. HP: 28/38 MP: 4/7
  2409 | D:4      | 2409 ||| FLEEEEING.
  2410 | D:4      | 2410 ||| FLEEEEING.
  2411 | D:4      | 2411 ||| FLEEEEING.
  2420 | D:4      | 2420 ||| FLEEEEING.
  2422 | D:4      | 2422 ||| FLEEEEING.
  2599 | D:4      | Noticed Sigmund
  2615 | D:4      | Killed Sigmund
  2616 | D:4      | Reached skill level 6 in Ranged Weapons
  2616 | D:4      | Reached XP level 7. HP: 39/43 MP: 6/8
  2640 | D:4      | Noticed Eustachio
  2656 | D:4      | 2656 ||| FLEEEEING.
  2657 | D:4      | 2657 ||| FLEEEEING.
  2658 | D:4      | 2658 ||| FLEEEEING.
  2659 | D:4      | 2659 ||| FLEEEEING.
  2660 | D:4      | 2660 ||| FLEEEEING.
  2678 | D:4      | 2678 ||| FLEEEEING.
  2682 | D:4      | 2682 ||| FLEEEEING.
  2683 | D:4      | 2683 ||| FLEEEEING.
  2706 | D:4      | Killed Eustachio
  3362 | D:4      | 3362 ||| UPGRADING to +1 pair of gloves.
  3367 | D:4      | 3367 ||| READING scroll labelled WENAMILAN.
  3368 | D:4      | 3368 ||| READING scroll labelled DOCHOL POEFUGU.
  3402 | D:5      | Entered Level 5 of the Dungeon
  3412 | D:5      | Found a staircase to the Ecumenical Temple.
  3413 | D:5      | 3413 ||| PLANNING TEMPLE
  3422 | Temple   | Entered the Ecumenical Temple
  3429 | Temple   | 3429 ||| PLANNING OKAWARU WORSHIP
  3455 | Temple   | Became a worshipper of Warmaster Okawaru
  3456 | Temple   | 3456 ||| PLANNING D:1-11
  3456 | Temple   | 3456 ||| REMOVING amulet of guardian spirit.
  3461 | Temple   | 3461 ||| DROPPING amulet of guardian spirit.
  3620 | D:5      | 3620 ||| SWAPPING to +0 orcbow.
  3621 | D:5      | 3621 ||| DROPPING +1 sling.
  3669 | D:5      | 3669 ||| READING scroll of enchant armour.
  3669 | D:5      | 3669 ||| ENCHANTING +1 pair of gloves.
  3712 | D:5      | 3712 ||| READING scroll of enchant armour.
  3712 | D:5      | 3712 ||| ENCHANTING +0 cloak.
  3730 | D:5      | Reached XP level 8. HP: 33/48 MP: 9/9
  4069 | D:5      | Reached * piety under Okawaru
  4083 | D:5      | 4083 ||| INVOKING Heroism.
  4097 | D:5      | 4097 ||| FLEEEEING.
  4098 | D:5      | 4098 ||| FLEEEEING.
  4099 | D:5      | 4099 ||| FLEEEEING.
  4100 | D:5      | 4100 ||| FLEEEEING.
  4424 | D:6      | Found a shadowy altar of Dithmenos.
  4526 | D:6      | 4526 ||| FLEEEEING.
  4527 | D:6      | 4527 ||| FLEEEEING.
  4528 | D:6      | 4528 ||| STAIRDANCE
  4630 | D:5      | 4630 ||| READING scroll labelled DOWNES OLOCORO.
  4642 | D:6      | 4642 ||| STAIRDANCE
  4648 | D:5      | Reached skill level 1 in Invocations
  4851 | D:6      | 4851 ||| INVOKING Heroism.
  4870 | D:6      | Found Eliy's Assorted Antiques.
  4872 | D:6      | Found Lote Siw's Distillery.
  4874 | D:6      | Found Iloeruy's Magic Scroll Boutique.
  4880 | D:6      | 4880 ||| BUYING potion of curing (39 gold).
  4880 | D:6      | Bought a potion of curing for 39 gold pieces
  4880 | D:6      | 4880 ||| BUYING potion of curing (39 gold).
  4880 | D:6      | Bought a potion of curing for 39 gold pieces
  4880 | D:6      | 4880 ||| BUYING potion of enlightenment (65 gold).
  4880 | D:6      | Bought a potion of enlightenment for 65 gold pieces
  4880 | D:6      | 4880 ||| BUYING potion of enlightenment (65 gold).
  4880 | D:6      | Bought a potion of enlightenment for 65 gold pieces
  4880 | D:6      | 4880 ||| SHOPLISTING potion of heal wounds (65 gold, have
                  | 53).
  4880 | D:6      | 4880 ||| BUYING potion of might (52 gold).
  4880 | D:6      | Bought a potion of might for 52 gold pieces
  4880 | D:6      | 4880 ||| SHOPLISTING potion of might (52 gold, have 1).
  4902 | D:6      | 4902 ||| INVOKING Heroism.
  4919 | D:6      | 4919 ||| FLEEEEING.
  4923 | D:6      | Reached skill level 9 in Ranged Weapons
  4940 | D:6      | 4940 ||| INVOKING Heroism.
  4944 | D:6      | Reached skill level 3 in Armour
  4948 | D:6      | Reached XP level 9. HP: 29/54 MP: 7/11
  5131 | D:6      | Reached skill level 3 in Invocations
  5318 | D:6      | 5318 ||| SHOPLISTING potion of heal wounds (100 gold, have
                  | 16).
  5318 | D:6      | 5318 ||| SHOPLISTING scroll labelled OHUOSULOSI (20 gold,
                  | have 16).
  5318 | D:6      | 5318 ||| SHOPLISTING scroll labelled WIOXUO KIOHORU (20
                  | gold, have 16).
  5322 | D:6      | 5322 ||| SHOPLISTING scroll of brand weapon (104 gold, have
                  | 16).
  5322 | D:6      | 5322 ||| SHOPLISTING scroll of enchant armour (82 gold,
                  | have 16).
  5322 | D:6      | 5322 ||| SHOPLISTING scroll of identify (22 gold, have 16).
  5478 | D:6      | 5478 ||| UPGRADING to amulet of regeneration.
  5483 | D:6      | 5483 ||| DROPPING ring of positive energy.
  5524 | D:7      | 5524 ||| INVOKING Heroism.
  5537 | D:7      | Reached skill level 6 in Fighting
  5617 | D:7      | Found a white marble altar of Elyvilon.
  5625 | D:7      | 5625 ||| INVOKING Heroism.
  5665 | D:7      | Found a runed translucent door.
  5737 | D:7      | You fall into a shaft and drop 2 floors!
  5884 | D:7      | Found a radiant altar of Vehumet.
  5899 | D:7      | 5899 ||| INVOKING Heroism.
  5963 | D:7      | 5963 ||| Stepping ~*~*~tactically~*~*~ (outnumbered).
  5965 | D:7      | 5965 ||| INVOKING Heroism.
  6055 | D:7      | 6055 ||| Stepping ~*~*~tactically~*~*~ (outnumbered).
  6057 | D:7      | 6057 ||| INVOKING Heroism.
  6060 | D:7      | 6060 ||| Stepping ~*~*~tactically~*~*~ (outnumbered).
  6325 | D:7      | Found a basalt altar of Yredelemnul.
  6495 | D:7      | 6495 ||| UPGRADING to +6 ring of dexterity.
  6497 | D:7      | 6497 ||| DROPPING ring of ice.
  6498 | D:7      | 6498 ||| DROPPING +6 ring of strength.
  6499 | D:7      | 6499 ||| DROPPING ring of willpower.
  6500 | D:7      | 6500 ||| READING scroll labelled OHUOSULOSI.
  6534 | D:8      | 6534 ||| INVOKING Heroism.
  6551 | D:8      | Reached skill level 3 in Dodging
  6659 | D:8      | Found a glowing silver altar of Zin.
  6687 | D:8      | 6687 ||| Stepping ~*~*~tactically~*~*~ (outnumbered).
  6688 | D:8      | 6688 ||| Stepping ~*~*~tactically~*~*~ (outnumbered).
  6812 | D:8      | Reached XP level 10. HP: 63/63 MP: 13/13
  6861 | D:8      | Reached ** piety under Okawaru
  6888 | D:8      | 6888 ||| INVOKING Heroism.
  6951 | D:8      | Found a burning altar of Makhleb.
  6999 | D:8      | Found a shimmering blue altar of Sif Muna.
  7120 | D:8      | 7120 ||| UPGRADING to +2 pair of boots.
  7125 | D:8      | 7125 ||| DROPPING +6 ring of intelligence.
  7158 | D:9      | 7158 ||| Stepping ~*~*~tactically~*~*~ (outnumbered).
  7160 | D:9      | 7160 ||| Stepping ~*~*~tactically~*~*~ (outnumbered).
  7161 | D:9      | Noticed a kobold demonologist
  7162 | D:9      | 7162 ||| Stepping ~*~*~tactically~*~*~ (outnumbered).
  7185 | D:9      | Killed a kobold demonologist
  7199 | D:9      | Identified the +0 leather armour of Joroozxoi {rElec rF+}
  7272 | D:9      | Found a staircase to the Orcish Mines.
  7301 | D:9      | 7301 ||| INVOKING Heroism.
  7455 | D:9      | Reached *** piety under Okawaru
  7456 | D:9      | Reached skill level 12 in Ranged Weapons
  7476 | D:9      | 7476 ||| INVOKING Heroism.
  7496 | D:9      | 7496 ||| INVOKING Heroism.
  7521 | D:9      | 7521 ||| INVOKING Heroism.
  7523 | D:9      | HP: 12/64 [constriction (6)]
  7524 | D:9      | 7524 ||| READING 2 scrolls of teleportation.
  7525 | D:9      | 7525 ||| DRINKING 2 potions of heal wounds.
  7558 | D:9      | 7558 ||| DRINKING 4 potions of curing.
  7558 | D:9      | 7558 ||| (to cure confusion)
  7596 | D:9      | Received a gift from Okawaru
  7603 | D:9      | Found a staircase to the Lair.
  7616 | D:9      | Reached XP level 11. HP: 68/68 MP: 14/14
  7820 | D:9      | Found a snail-covered altar of Cheibriados.
  7831 | D:9      | 7831 ||| INVOKING Heroism.
  8084 | D:9      | 8084 ||| PLANNING LAIR
  8084 | D:9      | 8084 ||| DROPPING +0 leather armour of Joroozxoi {rElec
                  | rF+}.
  8085 | D:9      | 8085 ||| DRINKING 2 bubbling dark potions.
  8127 | D:9      | 8127 ||| DROPPING potion of lignification.
  8177 | Lair:1   | Entered Level 1 of the Lair of Beasts
  8178 | Lair:1   | 8178 ||| PLANNING GAUNTLET
  8323 | Lair:1   | Reached **** piety under Okawaru
  8334 | Lair:1   | Reached skill level 9 in Fighting
  8360 | Lair:1   | 8360 ||| INVOKING Heroism.
  8407 | Lair:1   | 8407 ||| SWAPPING to +0 arbalest.
  8408 | Lair:1   | 8408 ||| DROPPING +1 orcbow.
  8418 | Lair:1   | 8418 ||| INVOKING Heroism.
  8586 | Lair:1   | You fall into a shaft and drop 1 floor!
  8594 | Lair:2   | 8594 ||| READING scroll of enchant armour.
  8594 | Lair:2   | 8594 ||| ENCHANTING +1 cloak.
  8609 | Lair:2   | 8609 ||| READING 2 scrolls of identify.
  8609 | Lair:2   | 8609 ||| IDENTIFYING white potion
  8613 | Lair:2   | 8613 ||| INVOKING Heroism.
  8724 | Lair:1   | 8724 ||| RIP GAUNTLET
  8917 | Lair:1   | 8917 ||| PLANNING LAIR
  8917 | Lair:1   | 8917 ||| READING scroll labelled XIEBU SEUCY.
  8932 | Lair:2   | 8932 ||| INVOKING Heroism.
  8937 | Lair:2   | Noticed a death yak
  8943 | Lair:2   | Killed a death yak
  8961 | Lair:2   | 8961 ||| INVOKING Heroism.
  9061 | Lair:2   | Noticed a death yak
  9062 | Lair:2   | 9062 ||| INVOKING Heroism.
  9062 | Lair:2   | Noticed a death yak
  9069 | Lair:2   | Killed a death yak
  9074 | Lair:2   | Killed a death yak
  9075 | Lair:2   | Reached skill level 6 in Invocations
  9620 | Lair:2   | 9620 ||| DROPPING ring of see invisible.
  9621 | Lair:2   | 9621 ||| READING 2 scrolls of identify.
  9621 | Lair:2   | 9621 ||| IDENTIFYING purple potion
  9622 | Lair:2   | 9622 ||| DROPPING potion of brilliance.
  9643 | Lair:3   | Identified the +0 chain mail of Ignis's Respect {Int+3}
  9653 | Lair:3   | 9653 ||| INVOKING Heroism.
  9678 | Lair:3   | 9678 ||| INVOKING Heroism.
  9768 | Lair:3   | Reached skill level 6 in Armour
  9796 | Lair:3   | Found a staircase to the Snake Pit.
  9864 | Lair:3   | Noticed a six-headed hydra
  9865 | Lair:3   | 9865 ||| INVOKING Heroism.
  9870 | Lair:3   | Killed a six-headed hydra
  9871 | Lair:3   | Reached XP level 12. HP: 71/76 MP: 15/17
 10063 | Lair:3   | Found a staircase to the Shoals.
 10077 | Lair:3   | 10077 ||| INVOKING Heroism.
 10081 | Lair:3   | HP: 6/76 [snapping turtle (16)]
 10082 | Lair:3   | 10082 ||| READING 2 scrolls of teleportation.
 10083 | Lair:3   | 10083 ||| DRINKING 2 potions of heal wounds.
 10085 | Lair:3   | 10085 ||| DRINKING potion of heal wounds.
 10347 | Lair:3   | 10347 ||| READING 2 scrolls of identify.
 10347 | Lair:3   | 10347 ||| IDENTIFYING fuming emerald potion
 10348 | Lair:3   | 10348 ||| DROPPING potion of invisibility.
 10424 | Lair:4   | 10424 ||| FLEEEEING.
 10426 | Lair:4   | 10426 ||| INVOKING Heroism.
 10553 | Lair:4   | Noticed a catoblepas
 10554 | Lair:4   | 10554 ||| INVOKING Heroism.
 10567 | Lair:4   | Noticed a boulder beetle
 10571 | Lair:4   | Killed a catoblepas
 10578 | Lair:4   | Reached ***** piety under Okawaru
 10579 | Lair:4   | Reached skill level 9 in Invocations
 10580 | Lair:4   | 10580 ||| INVOKING Finesse.
 10601 | Lair:4   | Killed a boulder beetle
 10754 | Lair:4   | 10754 ||| INVOKING Heroism.
 10908 | Lair:4   | 10908 ||| INVOKING Heroism.
 10996 | Lair:4   | Noticed an azure jelly
 10997 | Lair:4   | 10997 ||| INVOKING Heroism.
 11005 | Lair:4   | Killed an azure jelly
 11106 | Lair:4   | Found a staircase to the Slime Pits.
 11107 | Lair:4   | Found a viscous altar of Jiyva.
 11205 | Lair:4   | 11205 ||| INVOKING Heroism.
 11322 | Lair:4   | 11322 ||| DROPPING +0 ring mail of fire resistance.
 11338 | Lair:5   | Entered Level 5 of the Lair of Beasts
 11345 | Lair:5   | Noticed a skyshark
 11355 | Lair:5   | Killed a skyshark
 11384 | Lair:5   | Reached skill level 15 in Ranged Weapons
 11428 | Lair:5   | 11428 ||| INVOKING Heroism.
 11433 | Lair:5   | Reached XP level 13. HP: 82/82 MP: 17/20
 11477 | Lair:5   | 11477 ||| INVOKING Heroism.
 11486 | Lair:5   | Received a gift from Okawaru
 11560 | Lair:5   | 11560 ||| INVOKING Heroism.
 11616 | Lair:5   | 11616 ||| INVOKING Heroism.
 11618 | Lair:5   | 11618 ||| INVOKING Finesse.
 11695 | Lair:5   | 11695 ||| INVOKING Heroism.
 11697 | Lair:5   | 11697 ||| INVOKING Finesse.
 11764 | Lair:5   | 11764 ||| INVOKING Finesse.
 11797 | Lair:5   | 11797 ||| INVOKING Heroism.
 11848 | Lair:5   | 11848 ||| INVOKING Heroism.
 12112 | Lair:5   | 12112 ||| INVOKING Heroism.
 12260 | Lair:5   | 12260 ||| INVOKING Heroism.
 12310 | Lair:5   | Noticed Nessos
 12311 | Lair:5   | 12311 ||| INVOKING Finesse.
 12322 | Lair:5   | Killed Nessos
 12350 | Lair:5   | 12350 ||| SWAPPING to +3 longbow of flaming.
 12351 | Lair:5   | 12351 ||| DROPPING +0 arbalest.
 12496 | Lair:5   | 12496 ||| PLANNING D:1-11
 12496 | Lair:5   | 12496 ||| DRINKING 3 viscous cyan potions.
 12497 | Lair:5   | 12497 ||| DROPPING 2 potions of degeneration.
 12672 | D:10     | Entered Level 10 of the Dungeon
 12673 | D:10     | 12673 ||| Stepping randomly (disturbance).
 12674 | D:10     | 12674 ||| Stepping randomly (disturbance).
 12797 | D:10     | Found a blossoming altar of Fedhas.
 12884 | D:10     | 12884 ||| Stepping ~*~*~tactically~*~*~ (outnumbered).
 12891 | D:10     | 12891 ||| Stepping ~*~*~tactically~*~*~ (outnumbered).
 12901 | D:10     | 12901 ||| INVOKING Heroism.
 12902 | D:10     | 12902 ||| INVOKING Finesse.
 12905 | D:10     | 12905 ||| Stepping ~*~*~tactically~*~*~ (outnumbered).
 13265 | D:10     | Identified the +5 war axe "Xijeushre" {freeze, Will+ rCorr
                  | Dex+2}
 13401 | D:10     | 13401 ||| Stepping ~*~*~tactically~*~*~ (water).
 13421 | D:10     | 13421 ||| INVOKING Heroism.
 13436 | D:10     | 13436 ||| READING 3 scrolls of identify.
 13436 | D:10     | 13436 ||| IDENTIFYING black potion
 13437 | D:10     | 13437 ||| READING 2 scrolls of identify.
 13437 | D:10     | 13437 ||| IDENTIFYING bubbling purple potion
 13438 | D:10     | 13438 ||| DROPPING potion of berserk rage.
 13792 | D:11     | Identified the +7 rapier "Liosay" {freeze, rElec rPois
                  | Str+5 Int-3}
 13847 | D:11     | 13847 ||| INVOKING Heroism.
 14063 | D:11     | Reached skill level 6 in Dodging
 14271 | D:11     | Gained mutation: Your large and strong wings let you fly.
                  | [Gargoyle growth]
 14271 | D:11     | Reached XP level 14. HP: 90/90 MP: 21/21
 14408 | D:11     | 14408 ||| Stepping ~*~*~tactically~*~*~ (outnumbered).
 14410 | D:11     | 14410 ||| Stepping ~*~*~tactically~*~*~ (outnumbered).
 14450 | D:11     | 14450 ||| PLANNING D
 14450 | D:11     | 14450 ||| DROPPING +0 acid dragon scales.
 14451 | D:11     | 14451 ||| UPGRADING to +0 troll leather armour.
 14461 | D:11     | 14461 ||| DROPPING ring of protection from cold.
 14566 | D:12     | 14566 ||| INVOKING Heroism.
 14580 | D:12     | Identified the +9 plate armour of Boredom {Int+3 Dex+3}
                  | (Okawaru gifted it to you on level 12 of the Dungeon)
 14580 | D:12     | Received a gift from Okawaru
 14632 | D:12     | 14632 ||| FLEEEEING.
 14633 | D:12     | 14633 ||| FLEEEEING.
 14634 | D:12     | 14634 ||| FLEEEEING.
 15097 | D:12     | 15097 ||| Stepping ~*~*~tactically~*~*~ (outnumbered).
 15099 | D:12     | 15099 ||| Stepping ~*~*~tactically~*~*~ (outnumbered).
 15101 | D:12     | 15101 ||| Stepping ~*~*~tactically~*~*~ (outnumbered).
 15105 | D:12     | 15105 ||| Stepping ~*~*~tactically~*~*~ (outnumbered).
 15106 | D:12     | 15106 ||| INVOKING Heroism.
 15272 | D:12     | 15272 ||| DROPPING +4 ring of protection.
 15356 | D:13     | 15356 ||| INVOKING Heroism.
 15361 | D:13     | 15361 ||| Stepping ~*~*~tactically~*~*~ (outnumbered).
 15378 | D:13     | Reached skill level 18 in Ranged Weapons
 15412 | D:13     | 15412 ||| INVOKING Finesse.
 15475 | D:13     | 15475 ||| INVOKING Heroism.
 15544 | D:13     | 15544 ||| INVOKING Heroism.
 15573 | D:13     | Reached skill level 12 in Fighting
 15582 | D:13     | Found The Oracle's Delphic Readings.
 15586 | D:13     | 15586 ||| BUYING scroll of identify (24 gold).
 15586 | D:13     | Bought a scroll of identify for 24 gold pieces
 15586 | D:13     | 15586 ||| BUYING scroll of identify (24 gold).
 15586 | D:13     | Bought a scroll of identify for 24 gold pieces
 15586 | D:13     | 15586 ||| BUYING scroll of identify (24 gold).
 15586 | D:13     | Bought a scroll of identify for 24 gold pieces
 15586 | D:13     | 15586 ||| BUYING scroll of teleportation (36 gold).
 15586 | D:13     | Bought a scroll of teleportation for 36 gold pieces
 15708 | D:13     | 15708 ||| INVOKING Heroism.
 15782 | D:13     | 15782 ||| DROPPING scarf of invisibility.
 15783 | D:13     | 15783 ||| DRINKING 2 fizzy cyan potions.
 15783 | D:13     | Gained mutation: You are strong-willed. (Will+) [potion of
                  | mutation]
 15783 | D:13     | Gained mutation: You expend magic power (3 MP) to
                  | strengthen your wands. [potion of mutation]
 15946 | D:14     | 15946 ||| INVOKING Heroism.
 15970 | D:14     | Found a frozen archway.
 15970 | D:14     | Noticed a white very ugly thing
 15974 | D:14     | Killed a white very ugly thing
 16065 | D:14     | Noticed Frances
 16066 | D:14     | 16066 ||| INVOKING Heroism.
 16069 | D:14     | 16069 ||| Stepping ~*~*~tactically~*~*~ (outnumbered).
 16079 | D:14     | Killed Frances
 16151 | D:14     | Found a gate to the Vaults.
 16159 | Abyss:2  | Cast into level 2 of the Abyss (a wizard)
 16160 | Abyss:2  | Reached XP level 15. HP: 83/96 MP: 22/22
 16244 | Abyss:2  | Noticed an ancient lich
 16245 | Abyss:2  | 16245 ||| INVOKING Heroism.
 16251 | Abyss:2  | Killed an ancient lich
 16305 | Abyss:2  | Noticed a tentacled starspawn
 16311 | Abyss:2  | Killed a tentacled starspawn
 16335 | Abyss:2  | 16335 ||| Stepping ~*~*~tactically~*~*~ (outnumbered).
 16448 | Abyss:2  | Noticed a tentacled starspawn
 16455 | Abyss:2  | Killed a tentacled starspawn
 16474 | D:14     | Escaped the Abyss
 16480 | D:14     | 16480 ||| INVOKING Heroism.
 16500 | Abyss:2  | Cast into level 2 of the Abyss (a wizard)
 16518 | Abyss:2  | Noticed a lich
 16519 | Abyss:2  | 16519 ||| INVOKING Finesse.
 16523 | Abyss:2  | Killed a lich
 16551 | Abyss:2  | Noticed a tentacled starspawn
 16564 | Abyss:2  | Killed a tentacled starspawn
 16589 | Abyss:2  | 16589 ||| Stepping ~*~*~tactically~*~*~ (outnumbered).
 16591 | Abyss:2  | Reached skill level 9 in Dodging
 16605 | Abyss:2  | Gained mutation: Armour fits poorly on your strangely
                  | shaped body. [a neqoxec]
 16623 | Abyss:2  | Lost mutation: You are strong-willed. (Will+) [a neqoxec]
 16668 | Abyss:2  | Identified the +7 shortbow of Awkwardness {drain, rF-
                  | Dex+4} (Okawaru gifted it to you on level 2 of the Abyss)
 16668 | Abyss:2  | Received a gift from Okawaru
 16674 | Abyss:2  | Noticed a tentacled starspawn
 16697 | Abyss:2  | Killed a tentacled starspawn
 16714 | D:14     | Escaped the Abyss
 17019 | D:14     | 17019 ||| DROPPING ring of magical power.
 17030 | D:15     | Entered Level 15 of the Dungeon
 17244 | D:15     | 17244 ||| INVOKING Heroism.
 17286 | D:15     | Identified the amulet of Xom's Best Wishes {Acrobat Slay+3}
 17293 | D:15     | Noticed brae's ghost (adept HuBe)
 17303 | D:15     | 17303 ||| INVOKING Heroism.
 17304 | D:15     | 17304 ||| INVOKING Finesse.
 17410 | D:15     | Found a runed translucent gate.
 17410 | D:15     | Found a runed translucent gate.
 17410 | D:15     | Found a runed translucent gate.
 17550 | D:15     | Noticed Josephine
 17560 | D:15     | Killed Josephine
 17826 | D:15     | 17826 ||| INVOKING Heroism.
 17832 | D:15     | Identified the +1 pair of gloves of Ymistra {rN+ rCorr
                  | Dex-5} (Okawaru gifted it to you on level 15 of the
                  | Dungeon)
 17832 | D:15     | Received a gift from Okawaru
 17898 | D:15     | Reached XP level 16. HP: 104/104 MP: 23/23
 17904 | D:15     | 17904 ||| INVOKING Heroism.
 17906 | D:15     | 17906 ||| DRINKING 11 potions of curing.
 17906 | D:15     | 17906 ||| (to cure confusion)
 17921 | D:15     | 17921 ||| DRINKING 10 potions of curing.
 17921 | D:15     | 17921 ||| (to cure confusion)
 17923 | D:15     | 17923 ||| Stepping ~*~*~tactically~*~*~ (outnumbered).
 17930 | D:15     | 17930 ||| Stepping ~*~*~tactically~*~*~ (outnumbered).
 17934 | D:15     | 17934 ||| INVOKING Heroism.
 18015 | D:15     | Found a staircase to the Depths.
 18186 | D:15     | 18186 ||| PLANNING ORC
 18186 | D:15     | 18186 ||| DROPPING +1 pair of gloves of Ymistra {rN+ rCorr
                  | Dex-5}.
 18187 | D:15     | 18187 ||| UPGRADING to amulet of Xom's Best Wishes {Acrobat
                  | Slay+3}.
 18197 | D:15     | 18197 ||| DROPPING ring of fire.
 18315 | Orc:1    | Entered Level 1 of the Orcish Mines
 18355 | Orc:1    | 18355 ||| INVOKING Heroism.
 18539 | Orc:2    | Entered Level 2 of the Orcish Mines
 18539 | Orc:2    | Found a staircase to the Elven Halls.
 18540 | Orc:2    | 18540 ||| PLANNING BAZAAR
 18548 | Orc:2    | 18548 ||| INVOKING Heroism.
 18555 | Orc:2    | Paralysed by an orc sorcerer for 5 turns
 18639 | Orc:2    | Found a flickering gateway to a bazaar.
 18647 | Orc:2    | Found Jeth's Antique Weapon Shoppe.
 18651 | Bazaar   | Entered a bazaar
 18651 | Bazaar   | Found Kalock's General Store.
 18651 | Bazaar   | Found Pahuol's Antique Armour Shoppe.
 18651 | Bazaar   | Found Buneg's Magic Scroll Boutique.
 18666 | Bazaar   | 18666 ||| BUYING pair of glowing boots (112 gold).
 18666 | Bazaar   | Bought a pair of glowing boots for 112 gold pieces
 18678 | Bazaar   | 18678 ||| BUYING scroll of acquirement (728 gold).
 18678 | Bazaar   | Bought a scroll of acquirement for 728 gold pieces
 18678 | Bazaar   | 18678 ||| BUYING scroll of brand weapon (133 gold).
 18678 | Bazaar   | Bought a scroll of brand weapon for 133 gold pieces
 18678 | Bazaar   | 18678 ||| BUYING scroll of identify (28 gold).
 18678 | Bazaar   | Bought a scroll of identify for 28 gold pieces
 18678 | Bazaar   | 18678 ||| BUYING scroll of teleportation (42 gold).
 18678 | Bazaar   | Bought a scroll of teleportation for 42 gold pieces
 18678 | Bazaar   | 18678 ||| READING scroll of acquirement.
 18678 | Bazaar   | 18678 ||| ACQUIRING 840 gold pieces
 18678 | Bazaar   | Acquired 840 gold pieces
 18680 | Bazaar   | 18680 ||| READING scroll of brand weapon.
 18680 | Bazaar   | 18680 ||| BRANDING +3 longbow of flaming.
 18684 | Bazaar   | Found Quodac's Antique Weapon Emporium.
 18685 | Bazaar   | Found Bamixt's Book Emporium.
 18714 | Bazaar   | 18714 ||| DROPPING +2 pair of boots of flying.
 18719 | Orc:2    | 18719 ||| PLANNING ORC
 18735 | Orc:1    | 18735 ||| INVOKING Heroism.
 18855 | Orc:2    | 18855 ||| INVOKING Heroism.
 18875 | Orc:2    | 18875 ||| Stepping ~*~*~tactically~*~*~ (outnumbered).
 18877 | Orc:2    | 18877 ||| Stepping ~*~*~tactically~*~*~ (outnumbered).
 18898 | Orc:2    | Reached skill level 15 in Fighting
 18926 | Orc:2    | 18926 ||| INVOKING Heroism.
 18975 | Orc:2    | Identified the +1 ring mail of Dramatic Exits {Harm Fly
                  | rPois Slay-2 Stlth+} (Okawaru gifted it to you on level 2
                  | of the Orcish Mines)
 18975 | Orc:2    | Received a gift from Okawaru
 19063 | Orc:2    | 19063 ||| Stepping ~*~*~tactically~*~*~ (outnumbered).
 19068 | Orc:2    | 19068 ||| Stepping ~*~*~tactically~*~*~ (outnumbered).
 19153 | Orc:2    | Found a bloodstained altar of Trog.
 19223 | Orc:2    | Found Puekh's Antique Armour Boutique.
 19223 | Orc:2    | Found Itrorhuc's Antique Weapon Emporium.
 19224 | Orc:2    | Found Jamp's Distillery.
 19224 | Orc:2    | Found Ithimn's Antique Armour Shop.
 19231 | Orc:2    | 19231 ||| BUYING embroidered robe (122 gold).
 19231 | Orc:2    | Bought an embroidered robe for 122 gold pieces
 19231 | Orc:2    | 19231 ||| BUYING slimy steam dragon scales (1485 gold).
 19231 | Orc:2    | Bought slimy steam dragon scales for 1485 gold pieces
 19231 | Orc:2    | Identified the +0 steam dragon scales "Hyfyet" {rCorr Str+3
                  | Stlth+} (You bought it in a shop on level 2 of the Orcish
                  | Mines)
 19233 | Orc:2    | 19233 ||| BUYING embroidered scarf (264 gold).
 19233 | Orc:2    | Bought an embroidered scarf for 264 gold pieces
 19233 | Orc:2    | 19233 ||| BUYING runed robe (122 gold).
 19233 | Orc:2    | Bought a runed robe for 122 gold pieces
 19233 | Orc:2    | 19233 ||| SHOPLISTING transparent helmet (313 gold, have
                  | 33).
 19234 | Orc:2    | 19234 ||| SHOPLISTING 2 potions of magic (224 gold, have
                  | 33).
 19234 | Orc:2    | 19234 ||| SHOPLISTING potion of cancellation (112 gold,
                  | have 33).
 19234 | Orc:2    | 19234 ||| SHOPLISTING potion of curing (42 gold, have 33).
 19234 | Orc:2    | 19234 ||| SHOPLISTING potion of might (56 gold, have 33).
 19234 | Orc:2    | 19234 ||| SHOPLISTING potion of mutation (112 gold, have
                  | 33).
 19234 | Orc:2    | 19234 ||| SHOPLISTING potion of resistance (140 gold, have
                  | 33).
 19338 | Orc:2    | 19338 ||| PLANNING SNAKE:1-3
 19338 | Orc:2    | 19338 ||| DROPPING +1 ring mail of Dramatic Exits {Harm Fly
                  | rPois Slay-2 Stlth+}.
 19339 | Orc:2    | 19339 ||| DROPPING +2 robe of willpower.
 19340 | Orc:2    | 19340 ||| DROPPING +0 steam dragon scales "Hyfyet" {rCorr
                  | Str+3 Stlth+}.
 19341 | Orc:2    | 19341 ||| UPGRADING to scarf of resistance.
 19351 | Orc:2    | 19351 ||| DROPPING +1 robe of willpower.
 19482 | Snake:1  | Entered Level 1 of the Snake Pit
 19534 | Snake:1  | 19534 ||| Stepping ~*~*~tactically~*~*~ (outnumbered).
 19540 | Snake:1  | 19540 ||| INVOKING Heroism.
 19567 | Snake:1  | 19567 ||| FLEEEEING.
 19568 | Snake:1  | 19568 ||| FLEEEEING.
 19575 | Snake:1  | 19575 ||| INVOKING Heroism.
 19657 | Snake:1  | 19657 ||| READING scroll of enchant weapon.
 19657 | Snake:1  | 19657 ||| ENCHANTING +3 longbow of freezing.
 19747 | Snake:1  | 19747 ||| INVOKING Heroism.
 19963 | Snake:1  | 19963 ||| Stepping ~*~*~tactically~*~*~ (outnumbered).
 19965 | Snake:1  | 19965 ||| Stepping ~*~*~tactically~*~*~ (outnumbered).
 19973 | Snake:1  | 19973 ||| Stepping ~*~*~tactically~*~*~ (outnumbered).
 19984 | Snake:1  | 19984 ||| Stepping ~*~*~tactically~*~*~ (outnumbered).
 20135 | Snake:1  | 20135 ||| READING scroll labelled WIOXUO KIOHORU.
 20217 | Snake:2  | Noticed a nagaraja
 20218 | Snake:2  | 20218 ||| INVOKING Heroism.
 20222 | Snake:2  | Killed a nagaraja
 20223 | Snake:2  | Reached XP level 17. HP: 115/115 MP: 21/24
 20342 | Snake:2  | 20342 ||| INVOKING Heroism.
 20349 | Snake:2  | Reached skill level 9 in Armour
 20349 | Snake:2  | 20349 ||| Stepping ~*~*~tactically~*~*~ (outnumbered).
 20350 | Snake:2  | 20350 ||| Stepping ~*~*~tactically~*~*~ (outnumbered).
 20460 | Snake:2  | 20460 ||| Stepping ~*~*~tactically~*~*~ (outnumbered).
 20462 | Snake:2  | 20462 ||| Stepping ~*~*~tactically~*~*~ (outnumbered).
 20464 | Snake:2  | 20464 ||| Stepping ~*~*~tactically~*~*~ (outnumbered).
 20465 | Snake:2  | 20465 ||| INVOKING Heroism.
 20467 | Snake:2  | 20467 ||| Stepping ~*~*~tactically~*~*~ (outnumbered).
 20618 | Snake:2  | 20618 ||| INVOKING Heroism.
 20745 | Snake:2  | 20745 ||| Stepping ~*~*~tactically~*~*~ (outnumbered).
 20758 | Snake:2  | 20758 ||| INVOKING Heroism.
 20839 | Snake:2  | 20839 ||| Stepping ~*~*~tactically~*~*~ (outnumbered).
 20840 | Snake:2  | 20840 ||| INVOKING Heroism.
 21048 | Snake:2  | Received a gift from Okawaru
 21253 | Snake:3  | 21253 ||| INVOKING Heroism.
 21351 | Snake:3  | Found a transporter.
 21355 | Snake:3  | Noticed qw's ghost (adept GrFi)
 21389 | Snake:3  | Found a transporter.
 21528 | Snake:3  | 21528 ||| INVOKING Heroism.
 21530 | Snake:3  | 21530 ||| Stepping ~*~*~tactically~*~*~ (outnumbered).
 21757 | Snake:3  | Found Jukh's Antique Armour Shoppe.
 21763 | Snake:3  | 21763 ||| BUYING glowing leather armour (205 gold).
 21763 | Snake:3  | Bought a glowing leather armour for 205 gold pieces
 21763 | Snake:3  | 21763 ||| SHOPLISTING obsidian-encrusted ring mail (369
                  | gold, have 22).
 22078 | Snake:3  | 22078 ||| READING scroll of enchant weapon.
 22078 | Snake:3  | 22078 ||| ENCHANTING +4 longbow of freezing.
 22290 | Snake:3  | 22290 ||| PLANNING SHOALS:1-3
 22290 | Snake:3  | 22290 ||| DROPPING +2 leather armour of cold resistance.
 22388 | Shoals:1 | Entered Level 1 of the Shoals
 22477 | Shoals:1 | 22477 ||| INVOKING Heroism.
 22529 | Shoals:1 | 22529 ||| INVOKING Heroism.
 22561 | Shoals:1 | 22561 ||| READING scroll of enchant weapon.
 22561 | Shoals:1 | 22561 ||| ENCHANTING +5 longbow of freezing.
 22697 | Shoals:1 | 22697 ||| INVOKING Heroism.
 22721 | Shoals:1 | Reached skill level 18 in Fighting
 22774 | Shoals:1 | Noticed Mlioglotl
 22775 | Shoals:1 | 22775 ||| INVOKING Heroism.
 22788 | Shoals:1 | Killed Mlioglotl
 23199 | Shoals:1 | 23199 ||| READING 11 scrolls of identify.
 23199 | Shoals:1 | 23199 ||| IDENTIFYING glowing ruby potion
 23288 | Shoals:2 | 23288 ||| INVOKING Heroism.
 23520 | Shoals:2 | 23520 ||| INVOKING Heroism.
 24145 | Shoals:3 | 24145 ||| INVOKING Heroism.
 24164 | Shoals:3 | Reached skill level 12 in Dodging
 24251 | Shoals:3 | 24251 ||| INVOKING Heroism.
 24326 | Shoals:3 | 24326 ||| FLEEEEING.
 24327 | Shoals:3 | 24327 ||| FLEEEEING.
 24328 | Shoals:3 | 24328 ||| FLEEEEING.
 24329 | Shoals:3 | 24329 ||| FLEEEEING.
 24330 | Shoals:3 | 24330 ||| FLEEEEING.
 24331 | Shoals:3 | 24331 ||| FLEEEEING.
 24332 | Shoals:3 | 24332 ||| FLEEEEING.
 24333 | Shoals:3 | 24333 ||| FLEEEEING.
 24334 | Shoals:3 | 24334 ||| FLEEEEING.
 24335 | Shoals:3 | 24335 ||| FLEEEEING.
 24336 | Shoals:3 | 24336 ||| FLEEEEING.
 24337 | Shoals:3 | 24337 ||| FLEEEEING.
 24338 | Shoals:3 | 24338 ||| FLEEEEING.
 24339 | Shoals:3 | 24339 ||| FLEEEEING.
 24340 | Shoals:3 | 24340 ||| FLEEEEING.
 24341 | Shoals:3 | 24341 ||| FLEEEEING.
 24342 | Shoals:3 | 24342 ||| FLEEEEING.
 24343 | Shoals:3 | 24343 ||| FLEEEEING.
 24344 | Shoals:3 | 24344 ||| FLEEEEING.
 24345 | Shoals:3 | 24345 ||| FLEEEEING.
 24346 | Shoals:3 | 24346 ||| FLEEEEING.
 24355 | Shoals:3 | 24355 ||| INVOKING Heroism.
 24356 | Shoals:3 | 24356 ||| INVOKING Finesse.
 24411 | Shoals:3 | 24411 ||| FLEEEEING.
 24437 | Shoals:3 | Reached XP level 18. HP: 126/126 MP: 25/25
 24451 | Shoals:3 | 24451 ||| INVOKING Heroism.
 24452 | Shoals:3 | 24452 ||| INVOKING Finesse.
 24454 | Shoals:3 | 24454 ||| Stepping ~*~*~tactically~*~*~ (outnumbered).
 24523 | Shoals:3 | 24523 ||| INVOKING Heroism.
 24600 | Shoals:3 | 24600 ||| INVOKING Heroism.
 24772 | Shoals:3 | 24772 ||| INVOKING Heroism.
 24886 | Shoals:3 | 24886 ||| PLANNING SNAKE:4
 24886 | Shoals:3 | 24886 ||| DROPPING +1 hat.
 24887 | Shoals:3 | 24887 ||| DROPPING ring of wizardry.
 25027 | Snake:4  | Entered Level 4 of the Snake Pit
 25028 | Snake:4  | 25028 ||| Stepping ~*~*~tactically~*~*~ (outnumbered).
 25068 | Snake:4  | Found a white marble altar of Elyvilon.
 25104 | Snake:4  | 25104 ||| Stepping ~*~*~tactically~*~*~ (outnumbered).
 25106 | Snake:4  | 25106 ||| Stepping ~*~*~tactically~*~*~ (outnumbered).
 25111 | Snake:4  | 25111 ||| Stepping ~*~*~tactically~*~*~ (outnumbered).
 25127 | Snake:4  | 25127 ||| Stepping ~*~*~tactically~*~*~ (outnumbered).
 25130 | Snake:4  | 25130 ||| Stepping ~*~*~tactically~*~*~ (outnumbered).
 25273 | Snake:4  | 25273 ||| INVOKING Heroism.
 25283 | Snake:4  | 25283 ||| Stepping ~*~*~tactically~*~*~ (outnumbered).
 25330 | Snake:4  | 25330 ||| Stepping ~*~*~tactically~*~*~ (outnumbered).
 25331 | Snake:4  | 25331 ||| Stepping ~*~*~tactically~*~*~ (outnumbered).
 25336 | Snake:4  | 25336 ||| Stepping ~*~*~tactically~*~*~ (outnumbered).
 25338 | Snake:4  | 25338 ||| INVOKING Heroism.
 25339 | Snake:4  | HP: 29/128 [naga warrior/+1 long sword of holy wrath (35)]
 25340 | Snake:4  | 25340 ||| READING 11 scrolls of teleportation.
 25341 | Snake:4  | 25341 ||| DRINKING 7 potions of heal wounds.
 25419 | Snake:4  | 25419 ||| Stepping ~*~*~tactically~*~*~ (outnumbered).
 25421 | Snake:4  | 25421 ||| Stepping ~*~*~tactically~*~*~ (outnumbered).
 25423 | Snake:4  | 25423 ||| Stepping ~*~*~tactically~*~*~ (outnumbered).
 25590 | Snake:4  | 25590 ||| Stepping ~*~*~tactically~*~*~ (outnumbered).
 25592 | Snake:4  | 25592 ||| Stepping ~*~*~tactically~*~*~ (outnumbered).
 25637 | Snake:4  | 25637 ||| Stepping ~*~*~tactically~*~*~ (outnumbered).
 25648 | Snake:4  | 25648 ||| Stepping ~*~*~tactically~*~*~ (outnumbered).
 25649 | Snake:4  | 25649 ||| INVOKING Heroism.
 25654 | Snake:4  | 25654 ||| Stepping ~*~*~tactically~*~*~ (outnumbered).
 25655 | Snake:4  | 25655 ||| Stepping ~*~*~tactically~*~*~ (outnumbered).
 25656 | Snake:4  | 25656 ||| Stepping ~*~*~tactically~*~*~ (outnumbered).
 25657 | Snake:4  | 25657 ||| Stepping ~*~*~tactically~*~*~ (outnumbered).
 25659 | Snake:4  | 25659 ||| Stepping ~*~*~tactically~*~*~ (outnumbered).
 25660 | Snake:4  | 25660 ||| Stepping ~*~*~tactically~*~*~ (outnumbered).
 25664 | Snake:4  | 25664 ||| Stepping ~*~*~tactically~*~*~ (outnumbered).
 25665 | Snake:4  | 25665 ||| Stepping ~*~*~tactically~*~*~ (outnumbered).
 25666 | Snake:4  | 25666 ||| Stepping ~*~*~tactically~*~*~ (outnumbered).
 25671 | Snake:4  | 25671 ||| Stepping ~*~*~tactically~*~*~ (outnumbered).
 25672 | Snake:4  | 25672 ||| Stepping ~*~*~tactically~*~*~ (outnumbered).
 25673 | Snake:4  | 25673 ||| Stepping ~*~*~tactically~*~*~ (outnumbered).
 25674 | Snake:4  | 25674 ||| INVOKING Heroism.
 25675 | Snake:4  | 25675 ||| Stepping ~*~*~tactically~*~*~ (outnumbered).
 25688 | Snake:4  | 25688 ||| Stepping ~*~*~tactically~*~*~ (outnumbered).
 25689 | Snake:4  | 25689 ||| Stepping ~*~*~tactically~*~*~ (outnumbered).
 25692 | Snake:4  | 25692 ||| Stepping ~*~*~tactically~*~*~ (outnumbered).
 25693 | Snake:4  | 25693 ||| Stepping ~*~*~tactically~*~*~ (outnumbered).
 25694 | Snake:4  | 25694 ||| Stepping ~*~*~tactically~*~*~ (outnumbered).
 25697 | Snake:4  | 25697 ||| Stepping ~*~*~tactically~*~*~ (outnumbered).
 25709 | Snake:4  | 25709 ||| Stepping ~*~*~tactically~*~*~ (outnumbered).
 25710 | Snake:4  | 25710 ||| Stepping ~*~*~tactically~*~*~ (outnumbered).
 25711 | Snake:4  | 25711 ||| Stepping ~*~*~tactically~*~*~ (outnumbered).
 25711 | Snake:4  | HP: 31/128 [naga sharpshooter/arrow (15)]
 25712 | Snake:4  | 25712 ||| READING 10 scrolls of teleportation.
 25713 | Snake:4  | 25713 ||| DRINKING 6 potions of heal wounds.
 25714 | Snake:4  | 25714 ||| Stepping ~*~*~tactically~*~*~ (outnumbered).
 25715 | Snake:4  | 25715 ||| INVOKING Heroism.
 25795 | Snake:4  | 25795 ||| INVOKING Heroism.
 25813 | Snake:4  | 25813 ||| Stepping ~*~*~tactically~*~*~ (outnumbered).
 25816 | Snake:4  | 25816 ||| Stepping ~*~*~tactically~*~*~ (outnumbered).
 25818 | Snake:4  | 25818 ||| Stepping ~*~*~tactically~*~*~ (outnumbered).
 25820 | Snake:4  | 25820 ||| Stepping ~*~*~tactically~*~*~ (outnumbered).
 25827 | Snake:4  | 25827 ||| Stepping ~*~*~tactically~*~*~ (outnumbered).
 25830 | Snake:4  | 25830 ||| Stepping ~*~*~tactically~*~*~ (outnumbered).
 25847 | Snake:4  | 25847 ||| INVOKING Heroism.
 25849 | Snake:4  | 25849 ||| Stepping ~*~*~tactically~*~*~ (outnumbered).
 25861 | Snake:4  | 25861 ||| Stepping ~*~*~tactically~*~*~ (outnumbered).
 25867 | Snake:4  | 25867 ||| Stepping ~*~*~tactically~*~*~ (outnumbered).
 25874 | Snake:4  | 25874 ||| Stepping ~*~*~tactically~*~*~ (outnumbered).
 25876 | Snake:4  | 25876 ||| Stepping ~*~*~tactically~*~*~ (outnumbered).
 25879 | Snake:4  | 25879 ||| Stepping ~*~*~tactically~*~*~ (outnumbered).
 25925 | Snake:4  | 25925 ||| INVOKING Heroism.
 25992 | Snake:4  | Got a serpentine rune of Zot
 26088 | Snake:4  | 26088 ||| PLANNING VAULTS:1-4
 26092 | Snake:4  | 26092 ||| INVOKING Heroism.
 26372 | Vaults:1 | Entered Level 1 of the Vaults
 26458 | Vaults:1 | 26458 ||| INVOKING Heroism.
 26473 | Vaults:1 | Identified the +3 longbow of Cursing Instant Death {freeze,
                  | rElec rN+ Int+5} (Okawaru gifted it to you on level 1 of
                  | the Vaults)
 26473 | Vaults:1 | Received a gift from Okawaru
 26482 | Vaults:1 | 26482 ||| Stepping ~*~*~tactically~*~*~ (outnumbered).
 26487 | Vaults:1 | 26487 ||| Stepping ~*~*~tactically~*~*~ (outnumbered).
 26529 | Vaults:1 | 26529 ||| Stepping ~*~*~tactically~*~*~ (outnumbered).
 26534 | Vaults:1 | 26534 ||| Stepping ~*~*~tactically~*~*~ (outnumbered).
 26538 | Vaults:1 | 26538 ||| Stepping ~*~*~tactically~*~*~ (outnumbered).
 26549 | Vaults:1 | 26549 ||| FLEEEEING.
 26561 | Vaults:1 | 26561 ||| FLEEEEING.
 26562 | Vaults:1 | 26562 ||| FLEEEEING.
 26563 | Vaults:1 | 26563 ||| FLEEEEING.
 26564 | Vaults:1 | 26564 ||| FLEEEEING.
 26581 | Vaults:1 | 26581 ||| INVOKING Heroism.
 26595 | Vaults:1 | Reached XP level 19. HP: 49/135 MP: 26/26
 26597 | Abyss:2  | Cast into level 2 of the Abyss (a wizard)
 26619 | Abyss:2  | 26619 ||| DRINKING 9 potions of curing.
 26619 | Abyss:2  | 26619 ||| (to cure confusion)
 26631 | Abyss:2  | Paralysed by accursed screaming for 1 turns
 26638 | Abyss:2  | Gained mutation: You occasionally lose the ability to read
                  | scrolls when taking damage. [a cacodemon]
 26642 | Abyss:2  | Paralysed by accursed screaming for 2 turns
 26644 | Abyss:2  | HP: 31/135 [starcursed mass (7)]
 26645 | Abyss:2  | 26645 ||| READING 9 scrolls of teleportation.
 26646 | Abyss:2  | 26646 ||| DRINKING 5 potions of heal wounds.
 26647 | Abyss:2  | Paralysed by accursed screaming for 2 turns
 26649 | Abyss:2  | HP: 24/135 [starcursed mass (4)]
 26650 | Abyss:2  | 26650 ||| DRINKING 4 potions of heal wounds.
 26651 | Abyss:2  | 26651 ||| INVOKING Heroism.
 26658 | Abyss:2  | HP: 31/135 [starcursed mass/accursed screaming (10)]
 26658 | Abyss:2  | Paralysed by accursed screaming for 1 turns
 26659 | Abyss:2  | HP: 12/135 [starcursed mass (7)]
 26659 | Abyss:2  | Slain by a large abomination

Levels and vault maps discovered:
D:1:      dpeg_arrival_arbitrary_c, layout_basic, serial_shops, shop
D:2:      cheibrodos_greedy_goblins, layout_loops_cross, minivault_19
D:3:      layout_loops_ring, nicolae_ashenzari_skybound,
          hellmonk_ecumenical_altar_defaced_shrine
D:4:      layout_basic, uniq_menkaure, uniq_sigmund, uniq_eustachio
D:5:      layout_loops_corners, temple_fountains
D:6:      layout_loops_ring, lemuel_doored_altar, nicolae_wooded_promenade,
          chequers_serial_rivers_room_b, corner_web_ring
D:7:      layout_loops_corners, nicolae_vehumet_altar_sigil, elyvilon_altar_4,
          dk_yredelemnul_ordeal, ebering_ghost_gozag, minmay_crystal_room,
          minmay_misc_feat_four_crosses
D:8:      layout_rooms, lightli_temple_of_fire, minitemple, minivault_14,
          chequers_serial_rivers_small_3, columned_hall_lemuel
D:9:      layout_stronghold, old_standard_altar, minmay_lair_entry_grove,
          orc_0_dummy, minivault_7
D:10:     cheibrodos_two_vegetables, layout_basic,
          fedhas_bush_and_centaur_altar, hangedman_abyss_or_decor_clamps,
          chequers_serial_rivers_small_b
D:11:     layout_grid_maze
D:12:     layout_roguey
D:13:     layout_rooms, nicolae_nh_oracle_at_delphi
D:14:     layout_rooms, grunt_vaults_entry_tiered,
          portal_ice_cave_entry_ugly_swarm, uniq_frances
D:15:     gammafunk_enter_depths_forms, layout_basic, gammafunk_ghost_split,
          hangedman_abyss_or_decor_passed, uniq_josephine
Temple:   nicolae_temple_ecumenical_triangle
Lair:1:   layout_long_grid, gauntlet_entry_generic
Lair:2:   layout_chaotic_city, lemuel_fruit_tree, infiniplex_staircase_pool
Lair:3:   layout_big_grid, minmay_shoals_entry_hut, dummy_snake_entry
Lair:4:   layout_regular_city, slime_entry_1, nicolae_lair_time_for_slime
Lair:5:   minmay_lair_end_enchanted_forest, layout_cave_pods,
          grunt_megastairs_4, uniq_nessos
Shoals:1: layout_shoals, uniq_mlioglotl
Shoals:2: layout_shoals
Shoals:3: layout_shoals, nicolae_shoals_pincushion_passage
Snake:1:  layout_misc_corridors, nicolae_snake_snakes_in_the_grass
Snake:2:  layout_layer_cave
Snake:3:  layout_chambers, serial_shops, nicolae_shop_peninsula, special_room,
          gammafunk_ghost_berserking_beasts, grunt_ministairs_6,
          grunt_megastairs_3
Snake:4:  snake_pit, layout_misc_corridors, basic_altar
Orc:1:    layout_diamond_mine, basic_altar
Orc:2:    st_orc_ogre_mass, layout_caves, serial_shops, bzr_entry_gold, shop,
          basic_altar, lightli_orcish_oven
Vaults:1: hangedman_vaults_stitches, vaults_room_grunt_arrival_ludios,
          nicolae_vaults_tetromino_Z_1, nicolae_vaults_taking_the_gang_shopping,
          ontoclasm_vaults_ring_square, hangedman_vaults_corner, v_misc_10,
          hangedman_vaults_snaps, nicolae_vaults_asterisk,
          nicolae_vaults_shelves_hall, gammafunk_sealed_arena, vaults_room_pool,
          layout_vaults_big_room, uniq_zenata
Abyss:2:  base: D:12, base:
D:14

Skill      XL: |  1  2  3  4  5  6  7  8  9 10 11 12 13 14 15 16 17 18 |
---------------+-------------------------------------------------------+-----
Ranged Weapons | 3 4 5 6 7 9 10 12 14 15 17 18 20 | 20.0
Fighting       | 2 4 5 7 8 9 10 11 12 13 16 18 20 | 20.0
Armour         | 1 2 3 5 6 7 8 10 11 | 11.0
Invocations    | 2 4 7 10 | 10.1
Dodging        | 2 3 4 5 6 8 9 10 12 13 | 13.7
Spellcasting   | |  1.0
Hexes          | |  2.6

Action                     |  1- 3 |  4- 6 |  7- 9 | 10-12 | 13-15 | 16-18 | 19-21 || total
---------------------------+-------+-------+-------+-------+-------+-------+-------++-------
   Fire: Sling             |   120 |   127 |    46 |       |       |       |       ||   293
         Orcbow            |       |       |   285 |   334 |       |       |       ||   619
         Arbalest          |       |       |       |   273 |   212 |       |       ||   485
         Longbow           |       |       |       |       |   814 |  1357 |    37 ||  2208
 Invoke: Heroism           |       |       |    10 |    23 |    24 |    42 |     1 ||   100
         Finesse           |       |       |       |     1 |     8 |     2 |       ||    11
    Use: Scroll            |     6 |     4 |     6 |     7 |     2 |     9 |     1 ||    35
         Potion            |     1 |     1 |       |     5 |     2 |     4 |     3 ||    16
 Armour: Robe              |     7 |     5 |       |       |       |       |       ||    12
         Ring mail         |       |    30 |    94 |   206 |    72 |       |       ||   402
         Troll leather arm |       |       |       |       |   110 |   178 |    41 ||   329
  Dodge: Dodged            |    32 |    33 |   154 |   437 |   502 |   743 |    62 ||  1963

Table legend:
 A = Non-vault XP
 B = Vault XP
 C = Vault XP percentage of total XP
 D = Non-vault monster count
 E = Vault monster count
 F = Vault count percentage of total count
                 A         B        C        D         E       F
            +---------+---------+-------+---------+---------+-------
      Total |  211703 |  109536 |  34.1 |     687 |     277 |  28.7
            +---------+---------+-------+---------+---------+-------
        D:1 |      31 |       0 |   0.0 |      19 |       0 |   0.0
        D:2 |      34 |      14 |  29.2 |      17 |       7 |  29.2
        D:3 |     116 |       9 |   7.2 |      19 |       3 |  13.6
        D:4 |     206 |     582 |  73.9 |      14 |       3 |  17.6
        D:5 |     862 |       0 |   0.0 |      18 |       0 |   0.0
        D:6 |     679 |       0 |   0.0 |      11 |       0 |   0.0
        D:7 |    1202 |       2 |   0.2 |      26 |       1 |   3.7
        D:8 |    1313 |       0 |   0.0 |      27 |       0 |   0.0
        D:9 |    2682 |    3239 |  54.7 |      26 |      31 |  54.4
       D:10 |    3040 |    1663 |  35.4 |      20 |      10 |  33.3
       D:11 |    4934 |       0 |   0.0 |      17 |       0 |   0.0
       D:12 |   10293 |       0 |   0.0 |      25 |       0 |   0.0
       D:13 |    8180 |    1678 |  17.0 |      17 |       2 |  10.5
       D:14 |    3789 |   13513 |  78.1 |      11 |      34 |  75.6
       D:15 |   10620 |    7840 |  42.5 |      25 |      15 |  37.5
     Lair:1 |    1910 |       0 |   0.0 |       8 |       0 |   0.0
     Lair:2 |    3796 |       0 |   0.0 |      10 |       0 |   0.0
     Lair:3 |    3323 |     259 |   7.2 |      13 |       1 |   7.1
     Lair:4 |    7855 |    2029 |  20.5 |      25 |       7 |  21.9
     Lair:5 |    4206 |   10738 |  71.9 |      14 |      46 |  76.7
   Shoals:1 |    7300 |    1905 |  20.7 |      16 |       1 |   5.9
   Shoals:2 |    6037 |       0 |   0.0 |      13 |       0 |   0.0
   Shoals:3 |   18048 |    8389 |  31.7 |      35 |      10 |  22.2
    Snake:1 |   13020 |    4621 |  26.2 |      28 |       8 |  22.2
    Snake:2 |   23719 |       0 |   0.0 |      44 |       0 |   0.0
    Snake:3 |    4505 |    2802 |  38.3 |       8 |       4 |  33.3
    Snake:4 |   23350 |   22328 |  48.9 |      44 |      36 |  45.0
      Orc:1 |    5878 |       0 |   0.0 |      34 |       0 |   0.0
      Orc:2 |    3995 |   16803 |  80.8 |      41 |      44 |  51.8
   Vaults:1 |    9729 |   11122 |  53.3 |      14 |      14 |  50.0
    Abyss:2 |   27051 |       0 |   0.0 |      48 |       0 |   0.0
            +---------+---------+-------+---------+---------+-------
